 Dungeon Crawl Stone Soup version 0.30-b1-2-g02819fbbbe (webtiles) character file.

Game seed: 8462374600394136338

686 Anon1729 the Trooper (level 7, -5/61 HPs)
             Began as a Minotaur Monk on Aug 26, 2023.
             Slain by Edmund
             ... wielding a +2 dire flail of holy wrath
              (28 damage)
             ... on level 4 of the Dungeon.
             The game lasted 00:01:49 (4080 turns).

Anon1729 the Trooper (Minotaur Monk)                Turns: 4080, Time: 00:01:49

Health: -5/61      AC:  2    Str: 15    XL:     7   Next: 35%
Magic:  8/8        EV: 19    Int:  7    God:
Gold:   216        SH:  0    Dex: 15    Spells: 6/6 levels left

rFire   + . .        a - +0 short sword
rCold   + . .        d - orb {light}
rNeg    . . .        b - +0 robe
rPois   .            (helmet restricted)
rElec   .            t - scarf {rC+ rF+}
rCorr   .            (no gloves)
SInv    .            (no boots)
Will    .....        (no amulet)
Stlth   +            k - +5 ring of evasion
HPRegen 0.30/turn    (no ring)
MPRegen 0.11/turn

%: no passive effects
@: glowing
A: horns 2, retaliatory headbutt
a: no special abilities


You were on level 4 of the Dungeon.
You visited 1 branch of the dungeon, and saw 4 of its levels.
You also visited: Ossuary.

You collected 216 gold pieces.

Inventory:

Hand Weapons
 a - a +0 short sword (weapon)
Missiles
 m - 5 atropa-tipped darts (quivered)
Armour
 b - a +0 robe (worn)
 d - an orb of light (worn)
 t - a scarf of resistance (worn)
Jewellery
 k - a +5 ring of evasion (left hand)
 r - an amulet of faith
Scrolls
 f - 2 scrolls of blinking
 j - 2 scrolls of amnesia
 p - 3 scrolls of teleportation
 s - 2 scrolls of butterflies
 u - a scroll of fog
 v - a scroll of immolation {unknown}
 w - a scroll of magic mapping
 y - a scroll of acquirement {unknown}
 z - 3 scrolls of fear {unknown}
 B - a scroll of identify
Potions
 c - a potion of ambrosia
 e - 3 potions of flight {unknown}
 g - 4 potions of curing
 h - 2 potions of lignification {unknown}
 i - 3 potions of heal wounds {unknown}
 l - a potion of cancellation {unknown}
 n - 2 potions of attraction {unknown}
 o - 2 potions of mutation {unknown}
 q - 2 potions of might
 x - 2 potions of degeneration {unknown}
 A - a potion of invisibility {unknown}


   Skills:
 + Level 5.3 Fighting
 + Level 4.8 Short Blades
 + Level 3.6 Armour
 + Level 4.8 Dodging
 + Level 2.6 Stealth
 + Level 3.0 Invocations


You had 6 spell levels left.
You didn't know any spells.
Your spell library contained the following spells:

 Spells                   Type           Power      Damage    Failure   Level
 Call Canine Familiar     Summ           0%         N/A       80%         3
 Portal Projectile        Hex/Tloc       0%         N/A       80%         3
 Leda's Liquefaction      Hex/Erth       0%         N/A       99%         4


Dungeon Overview and Level Annotations

Branches:
Dungeon (4/15)            Ossuary (visited)
 Temple: D:4-7

Altars:
Gozag

Annotations:
D:3 1 runed translucent door, dorian's ghost, amateur VSEn
D:4 Edmund


Innate Abilities, Weirdness & Mutations

You have a pair of horns on your head.
You reflexively headbutt those who attack you in melee.


Message History

You hit the ogre.
The ogre is heavily wounded.
Edmund closely misses you. The ogre barely misses you.
You completely miss the ogre. You headbutt the ogre.
The ogre is severely wounded.
Edmund barely misses you. You furiously retaliate!
You headbutt Edmund. You hit the ogre but do no damage.
The ogre is severely wounded.
The ogre misses you.
Edmund hits you with a +2 dire flail of holy wrath!!
You hit the ogre.
The ogre is severely wounded.
Edmund hits you with a +2 dire flail of holy wrath!
The ogre hits you with a +0 giant spiked club!
* * * LOW HITPOINT WARNING * * *
You are too injured to fight recklessly!
You are too injured to fight recklessly!
You are too injured to fight recklessly!
You are too injured to fight recklessly!
You are too injured to fight recklessly!
You are too injured to fight recklessly!
You are too injured to fight recklessly!
You are too injured to fight recklessly!
You are too injured to fight recklessly!
You are too injured to fight recklessly!
You are too injured to fight recklessly!
You are too injured to fight recklessly!
You are too injured to fight recklessly!
You are too injured to fight recklessly!
You are too injured to fight recklessly!
You are too injured to fight recklessly!
You are too injured to fight recklessly!
You are too injured to fight recklessly!
You are too injured to fight recklessly!
You hit the ogre. You headbutt the ogre.
You kill the ogre!
Your Invocations skill increases to level 3!
It was a potion of curing.
You feel better.
Edmund hits you with a +2 dire flail of holy wrath!!
You die...

###### ##############....###
........#....#....#..
......+....#....#.. ....
#....#....#..
########'###....#....#..
...........#....#....#..
......)@...#....#..).###
......@....'....'....#..
...........#....#....#..
...........######....#..
#...#....#+##.............#..
#...#.... #...[.....#'###..
#...#... #.........'......
+...+.. #.........#......
#...# #.........#......


You could see Edmund (strong).

Vanquished Creatures
  Sigmund (D:3)
  An ogre (D:4)
  2 hounds (D:4)
  2 iguanas (D:4)
  14 mummies (Ossuary)
  5 adders
  A white imp (D:4)
  3 worms
  3 dart slugs
  7 orcs (D:3)
  3 bats
  7 endoplasms
  3 giant cockroaches
  4 goblins
  6 hobgoblins
  5 kobolds
  2 quokkas
  7 ball pythons
  5 frilled lizards
  4 gnoll skeletons (Ossuary)
  A goblin skeleton (Ossuary)
  2 kobold skeletons (Ossuary)
  An orc skeleton (Ossuary)
  5 rats
  11 rat skeletons (Ossuary)
105 creatures vanquished.

Notes
Turn   | Place    | Note
-------+----------+-------------------------------------------
     0 | D:1      | Anon1729 the Minotaur Monk began the quest for the Orb.
     0 | D:1      | Reached XP level 1. HP: 19/19 MP: 0/0
    87 | D:1      | Reached XP level 2. HP: 20/27 MP: 1/1
   867 | D:2      | Found a faded altar of an unknown god.
   926 | D:2      | Reached skill level 1 in Armour
   969 | D:2      | Reached XP level 3. HP: 31/33 MP: 2/2
  1095 | D:2      | Reached skill level 1 in Invocations
  1125 | D:2      | Reached skill level 4 in Fighting
  1231 | D:2      | Reached skill level 1 in Stealth
  1334 | D:2      | Reached XP level 4. HP: 40/40 MP: 3/3
  1625 | D:3      | Noticed Sigmund
  1635 | D:3      | Killed Sigmund
  1636 | D:3      | Reached XP level 5. HP: 29/47 MP: 3/5
  1972 | D:3      | Noticed dorian's ghost (amateur VSEn)
  2072 | D:3      | Found an opulent altar of Gozag.
  2131 | D:3      | Found a runed translucent door.
  2784 | D:4      | Reached XP level 6. HP: 50/53 MP: 6/6
  2814 | D:4      | Found a sand-covered staircase.
  2823 | Ossuary  | Entered an ossuary
  3414 | Ossuary  | Reached skill level 5 in Fighting
  3772 | D:4      | Reached XP level 7. HP: 46/61 MP: 8/8
  4069 | D:4      | Noticed Edmund
  4080 | D:4      | Slain by Edmund

Illustrated notes

Levels and vault maps discovered:
D:1:      mrwooster_arrival_arrow, layout_basic
D:2:      layout_basic, nicolae_ecumenical_oubliette, minivault_24,
          kennysheep_nub, nicolae_elevator_lobby_plus
D:3:      layout_basic, grunt_gozag_statues, hellmonk_ghost_happy_afterlife,
          uniq_sigmund
D:4:      layout_gridville, doesnt_xom_only_xom, nicolae_ossuary_entry_plus,
          uniq_edmund

Skill      XL: |  1  2  3  4  5  6  7 |
---------------+----------------------+-----
Armour         | 1 2 3 |  3.6
Invocations    | 1 2 3 |  3.0
Fighting       | 4 5 |  5.3
Stealth        | 1 2 |  2.6
Short Blades   | 4 |  4.8
Dodging        | 4 |  4.8

Action                     |  1- 3 |  4- 6 |  7- 9 || total
---------------------------+-------+-------+-------++-------
  Melee: Short sword       |    80 |   211 |    30 ||   321
         Headbutt          |    17 |    65 |     9 ||    91
    Use: Scroll            |       |     6 |       ||     6
         Potion            |       |       |     1 ||     1
   Stab: Sleeping          |     1 |     1 |       ||     2
 Armour: Robe              |    10 |     8 |     1 ||    19
  Dodge: Dodged            |    43 |   115 |    22 ||   180
